 Dungeon Crawl Stone Soup version 0.26.1-11-gd32895ea62 (webtiles) character file.

Game seed: 7720026701751559700

33 H0rd4k the Insei (level 3, 0/23 HPs)
             Began as an Octopode Transmuter on May 26, 2021.
             Succumbed to an adder's poison
             ... on level 2 of the Dungeon.
             The game lasted 00:00:39 (1134 turns).

H0rd4k the Insei (Octopode Transmuter)              Turns: 1134, Time: 00:00:39

Health: 0/23       AC:  1    Str:  6 (9)  XL:     3   Next: 29%
Magic:  6/6        EV: 13    Int: 14 (16) God:
Gold:   2          SH:  0    Dex:  9 (12) Spells: 5/6 levels left

rFire    . . .     SeeInvis .     - Unarmed
rCold    . . .     Faith    .   (no shield)
rNeg     . . .     Spirit   .   (helmet restricted)
rPois    .         Reflect  .   (no amulet)
rElec    .         Harm     .   (no ring)
rCorr    .         Rampage  .   (no ring)
Will     .....                  (no ring)
Stlth    ++........             (no ring)
HPRegen  0.07/turn              (no ring)
MPRegen  0.10/turn              (no ring)
                                (no ring)
                                (no ring)

@: lethally poisoned (0 -> -5), very slightly contaminated, invisible
A: almost no armour, stealthy swim, amphibious, 8 rings, constrict 8, camouflage
1, gelatinous body 1
a: no special abilities


You were on level 2 of the Dungeon.
You visited 1 branch of the dungeon, and saw 2 of its levels.

You collected 2 gold pieces.

Inventory:

Scrolls
 b - a scroll of enchant armour {unknown}
 c - a scroll of fog {unknown}


   Skills:
 + Level 1.3 Fighting
 + Level 2.1 Dodging
 + Level 0.5 Stealth
 + Level 3.8 Unarmed Combat
 + Level 2.2 Spellcasting
 + Level 2.0 Transmutations


You had 5 spell levels left.
You knew the following spells:

 Your Spells              Type           Power        Failure   Level
a - Beastly Appendage     Tmut           14%          10%         1

Your spell library contained the following spells:

 Spells                   Type           Power        Failure   Level
 Wereblood                Tmut           7%           16%         2
 Spider Form              Tmut/Pois      2%           43%         3
 Ice Form                 Ice/Tmut       4%           83%         4
 Blade Hands              Tmut           3%           95%         5


Dungeon Overview and Level Annotations

Branches:
Dungeon (2/15)

Altars:


Innate Abilities, Weirdness & Mutations

You cannot wear most types of armour.
You are very stealthy in the water. (Stealth+)
You are amphibious.
You can wear up to eight rings at the same time.
You can use your tentacles to constrict eight enemies at once.
Your skin changes colour to match your surroundings (Stealth+).
Your rubbery body absorbs attacks. (AC +1, EV +1)


Message History

You constrict the adder.
* * * LOW HITPOINT WARNING * * *
You feel sick. The adder bites you.
* * * LOW HITPOINT WARNING * * *
You tentacle-slap the adder but do no damage.
The adder is almost dead.
You constrict the adder.
You kill the adder!
It was a potion of degeneration.
There was something very wrong with that liquid.
You feel weakened.
You feel dopey.
You feel clumsy.
* * * LOW HITPOINT WARNING * * *
You feel sick.
It was a potion of invisibility.
You fade into invisibility!
You are very lightly contaminated with residual magic.
There is a lethal amount of poison in your body!
There is a lethal amount of poison in your body!
You are too injured to fight recklessly!
You die...

###+##+#####+###
......†.<†......
.r......@......#
....?..........#
................
(.............##
................
...............#
...............#
..............#


You could see a rat (asleep).

Vanquished Creatures
  An adder (D:2)
  A worm (D:2)
  3 goblins (D:1)
  9 hobgoblins (D:1)
  A bat (D:1)
  2 kobolds (D:1)
  A rat (D:1)
18 creatures vanquished.

Notes
Turn   | Place    | Note
-------+----------+-------------------------------------------
     0 | D:1      | H0rd4k the Octopode Transmuter began the quest for the Orb.
     0 | D:1      | Reached XP level 1. HP: 13/13 MP: 3/3
   413 | D:1      | Reached XP level 2. HP: 10/18 MP: 5/5
  1126 | D:2      | Reached XP level 3. HP: 10/23 MP: 6/6
  1132 | D:2      | HP: 1/23 [poisoned by an adder]
  1134 | D:2      | Succumbed to an adder's poison

Illustrated notes

Levels and vault maps discovered:
D:1:      dpeg_arrival_central, layout_basic, minivault_19,
          minmay_misc_feat_rugged
D:2:      layout_basic, lemuel_crystal_altar,
          chequers_ecumenical_altar_simple_redux, chequers_jeans,
          ebering_dispersal_statue_hall

Action                   || total
-------------------------++-------
Melee: Unarmed           ||    43
       Constrict         ||    16
       Tentacles         ||     5
       Punch             ||     2
  Use: Potion            ||     2
 Stab: Sleeping          ||     1
Armor: Skin              ||     2
Dodge: Dodged            ||    17
